 Dungeon Crawl Stone Soup version 0.19-a0-1286-g42bdecd (webtiles) character file.

84 AlphabetPasta the Gusty (level 4, -2/31 HPs)
             Began as a Demonspawn Air Elementalist on Aug 30, 2016.
             Killed from afar by Natasha (6 damage)
             ... with a magic dart
             ... on level 2 of the Dungeon.
             The game lasted 00:10:12 (2453 turns).

AlphabetPasta the Gusty (DsAE)                      Turns: 2453, Time: 00:10:12

Health: -2/31      AC:  2    Str:  8    XL:     4   Next: 23%
Magic:  1/7        EV: 18    Int: 18    God:
Gold:   78         SH:  0    Dex: 18    Spells: 3 memorised, 2 levels left

rFire  . . .     SeeInvis .     m - +2 dagger (speed)
rCold  . . .     Gourm    .     a - +0 robe
rNeg   . . .     Faith    .     (no shield)
rPois  .         Spirit   .     h - +0 hat {MR+}
rElec  .         Dismiss  .     (no cloak)
rCorr  .         Reflect  .     (no gloves)
MR     +....     Harm     .     (no boots)
Stlth  +++.......               (no amulet)
                                (no ring)
                                (no ring)

@: agile, repel missiles
A: powered by death 2
a: no special abilities


You were on level 2 of the Dungeon.
You were not hungry.

You visited 1 branch of the dungeon, and saw 2 of its levels.

You collected 78 gold pieces.

Inventory:

Hand Weapons
 m - a +2 dagger of speed (weapon)
Armour
 a - a +0 robe (worn)
 h - a +0 hat of magic resistance (worn)
Jewellery
 e - an uncursed ring of see invisible {unknown}
Scrolls
 f - a scroll of teleportation {unknown}
Potions
 i - a potion of might
Books
 b - a book of Air

   Spells                             Type                      Level
   a - Shock                          Conjuration/Air              1
   b - Swiftness                      Charms/Air                   2
   c - Repel Missiles                 Charms/Air                   2
   d - Static Discharge               Conjuration/Air              3
   e - Lightning Bolt                 Conjuration/Air              5
Comestibles
 c - 3 bread rations
 g - a slice of pizza
 j - a meat ration
 l - 3 chunks of flesh


   Skills:
 - Level 0.6 Fighting
 - Level 2.0 Dodging
 - Level 1.7 Stealth
 + Level 2.4 Spellcasting
 + Level 2.1 Conjurations
 * Level 3.7 Air Magic


You had 2 spell levels left.
You knew the following spells:

 Your Spells              Type           Power        Failure   Level  Hunger
a - Shock                 Conj/Air       ##..         6%          1    #......
b - Repel Missiles        Chrm/Air       #.....       14%         2    ##.....
c - Swiftness             Chrm/Air       #.......     14%         2    ##.....


Dungeon Overview and Level Annotations

Branches:
Dungeon (2/15)

Altars:
Cheibriados
Xom

Annotations:
D:2 Natasha


Innate Abilities, Weirdness & Mutations

You regenerate health from kills.


Message History

You closely miss Natasha.
Natasha is severely wounded.
Natasha casts a spell.
You barely miss Natasha.
Natasha is severely wounded.
You completely miss Natasha.
Natasha is severely wounded.
Natasha claws you!
* * * LOW HITPOINT WARNING * * *
The crimson imp blinks!
You miss Natasha.
Natasha is severely wounded.
Natasha completely misses you.
You hit Natasha.
Natasha is almost dead.
You hit Natasha.
Natasha is almost dead.
Natasha stares at you and mumbles some strange words.
The magic dart hits you!
You die...

#....†...........##..#.#
#.####.###.#.#.####..#.#
#.# #.#.#)####..#.# #.#
#.#............ #.#
#.#...####..#..
#5###.#.........#..
#..##...........#..
##.#####..##.####..
#@#.###..##.###...
#h.#.........#....
.......#..##......
.....##....###.###.
#.#.#####.#.##5.....
#.............#.####
#.#####.###5h....###
#.########.....#....
.55h.(.....##...###


You could see Natasha and a crimson imp.

Vanquished Creatures
  2 adders (D:2)
  An ooze (D:2)
  4 dart slugs
  2 giant geckos
  6 bats
  3 giant cockroaches
  8 goblins
  7 hobgoblins
  7 kobolds
  A quokka (D:2)
  3 giant newts (D:1)
  5 rats
49 creatures vanquished.

Notes
Turn   | Place    | Note
-------+----------+-------------------------------------------
     0 | D:1      | AlphabetPasta the Demonspawn Air Elementalist began the quest for the Orb.
     0 | D:1      | Reached XP level 1. HP: 13/13 MP: 3/3
   355 | D:1      | Gained mutation: You regenerate a little health from kills. [demonic ancestry]
   355 | D:1      | Reached XP level 2. HP: 19/19 MP: 3/5
   359 | D:1      | Learned a level 2 spell: Repel Missiles
   362 | D:1      | Learned a level 2 spell: Swiftness
   530 | D:1      | Reached skill level 3 in Air Magic
   988 | D:1      | Reached XP level 3. HP: 25/25 MP: 3/6
  1572 | D:2      | Noticed Natasha
  2012 | D:2      | Found a snail-covered altar of Cheibriados.
  2012 | D:2      | Found a shimmering altar of Xom.
  2152 | D:2      | Gained mutation: You regenerate health from kills. [demonic ancestry]
  2152 | D:2      | Reached XP level 4. HP: 31/31 MP: 4/7
  2453 | D:2      | Killed from afar by Natasha

Vault maps used:
D:1:      minmay_arrival_stair_chambers
D:2:      gammafunk_temple_overflow_statue, first_bread, uniq_natasha

Skill      XL: |  1  2  3 |
---------------+----------+-----
Air Magic      | 3 |  3.7
Dodging        | 2 |  2.0
Conjurations   | 2 |  2.1
Fighting       | |  0.6
Stealth        | |  1.7
Spellcasting   | |  2.4

Action                   |  1- 3 |  4- 6 || total
-------------------------+-------+-------++-------
Melee: Unarmed           |    31 |       ||    31
       Dagger            |       |    10 ||    10
 Cast: Shock             |    96 |    17 ||   113
       Repel Missiles    |     1 |       ||     1
  Use: Scroll            |     2 |     2 ||     4
       Potion            |       |     1 ||     1
  Eat: Chunk             |     3 |     1 ||     4
       Royal jelly       |     1 |       ||     1
Armor: Robe              |     9 |       ||     9
Dodge: Dodged            |    19 |     2 ||    21
       Deflected         |     1 |       ||     1
